 Dungeon Crawl Stone Soup version 0.23.0 (webtiles) character file.

Game seed: 3668362386631299355

37 tidbits the Charmwright (level 3, 5/31 HPs)
             Began as a Gnoll Skald on Feb 11, 2019.
             Quit the game on level 5 of the Dungeon.
             The game lasted 00:03:26 (373 turns).

tidbits the Charmwright (Gnoll Skald)                Turns: 373, Time: 00:03:27

Health: 5/31       AC:  3    Str: 22    XL:     3   Next: 41%
Magic:  4/9        EV: 20    Int: 16    God:
Gold:   22         SH:  0    Dex: 19    Spells: 1/12 levels left

rFire    . . .     SeeInvis .   a - +0 spear
rCold    . . .     Gourm    .   (no shield)
rNeg     . . .     Faith    .   b - +0 leather armour
rPois    .         Spirit   .   (no helmet)
rElec    .         Reflect  .   (no cloak)
rCorr    .         Harm     .   (no gloves)
MR       .....                  (no boots)
Stlth    ++........             (no amulet)
HPRegen  0.10/turn              e - +4 ring of strength
MPRegen  0.11/turn              (no ring)

@: confused, mighty, agile, shrouded, singing (expiring)
A: distributed training, fangs 1, strong nose
a: no special abilities


You were on level 5 of the Dungeon.
You were full.

You visited 1 branch of the dungeon, and saw 5 of its levels.

You collected 22 gold pieces.

Inventory:

Hand Weapons
 a - a +0 spear (weapon)
 m - a +0 dagger
 n - a +0 hunting sling
Missiles
 h - 21 sling bullets
 k - 17 arrows
 o - 10 stones (quivered)
Armour
 b - a +0 leather armour (worn)
 i - a +0 hat
Jewellery
 e - a +4 ring of strength (left hand)
   (You found it on level 1 of the Dungeon)
Scrolls
 c - a scroll of magic mapping {unknown}
 j - a scroll of identify {unknown}
 l - a scroll of remove curse {unknown}
Comestibles
 d - 3 rations


   Skills:
 + Level 4.5 Fighting
 + Level 0.7 Short Blades
 + Level 0.7 Long Blades
 + Level 0.7 Axes
 + Level 0.7 Maces & Flails
 + Level 4.5 Polearms
 + Level 0.7 Staves
 + Level 0.7 Slings
 + Level 0.7 Bows
 + Level 0.7 Crossbows
 + Level 0.7 Throwing
 + Level 2.6 Armour
 + Level 4.5 Dodging
 + Level 0.7 Stealth
 + Level 0.7 Shields
 + Level 0.7 Unarmed Combat
 + Level 5.0 Spellcasting
 + Level 0.5 Conjurations
 + Level 0.5 Hexes
 + Level 5.4 Charms
 + Level 0.5 Summonings
 + Level 0.5 Necromancy
 + Level 0.5 Translocations
 + Level 0.5 Transmutations
 + Level 0.5 Fire Magic
 + Level 0.5 Ice Magic
 + Level 0.5 Air Magic
 + Level 0.5 Earth Magic
 + Level 0.5 Poison Magic
 + Level 0.9 Invocations
 + Level 0.7 Evocations


You had one spell level left.
You knew the following spells:

 Your Spells              Type           Power        Failure   Level  Hunger
g - Shroud of Golubria    Chrm/Tloc      ##........   8%          2    #......
i - Infusion              Chrm           ###.         1%          1    None
r - Regeneration          Chrm/Necr      ##........   16%         3    ###....
w - Spectral Weapon       Hex/Chrm       ##......     16%         3    ###....
y - Song of Slaying       Chrm           ###.....     2%          2    #......

Your spell library contained the following spells:

 Spells                   Type           Power        Failure   Level  Hunger


Dungeon Overview and Level Annotations

Branches:
Dungeon (5/15)
 Temple: D:4-7

Altars:


Innate Abilities, Weirdness & Mutations

Your experience applies equally to all skills.
You have very sharp teeth.
Your uncanny sense of smell can sniff out nearby items.


Message History

The jackal is almost dead.
A bullfrog zombie comes into view.
The jackal bites you.
You barely miss the jackal. You bite the jackal.
You kill the jackal!
The orc hits you but does no damage.
You hit the jackal.
You kill the jackal!
Casting: Song of Slaying (safe; 3% risk of failure)
Confirm with . or Enter, or press ? or * to list all spells.
Space distorts slightly along a thin shroud covering your body.
Your shroud bends the jackal's attack away.
You puncture the jackal!
You kill the jackal!
The orc wizard closely misses you.
You barely miss the orc wizard.
The orc wizard hits you with a cursed +0 dagger.
The crimson imp picks up a beetle and eats it.
Casting: Shroud of Golubria (safe; 9% risk of failure)
Confirm with . or Enter, or press ? or * to list all spells.
You draw out your weapon's spirit!
The orc wizard gestures at you while chanting.
The magic dart hits you.
You hit the orc wizard. Your bite misses the orc wizard.
The orc wizard is moderately wounded.
The frilled lizard barely misses your spectral weapon.
Your spectral weapon closely misses the orc wizard.
Your shroud bends the orc wizard's attack away.
You hit the orc wizard.
The orc wizard is moderately wounded.
Your spectral weapon closely misses the orc wizard.
The frilled lizard bites your spectral weapon but does no damage.
The orc wizard casts a spell.
The orc wizard flickers and vanishes!
You barely miss something.
The crimson imp barely misses your spectral weapon.
The frilled lizard bites your spectral weapon but does no damage.
Unknown command.
You hit something.
You hear some strange, mumbled words.
A puff of flame appears from out of thin air!
The puff of flame misses you.
The puff of flame hits your spectral weapon.
Your spectral weapon resists.
Your spectral weapon shares its damage with you!
The crimson imp barely misses your spectral weapon.
The frilled lizard bites your spectral weapon.
Your spectral weapon shares its damage with you!
You barely miss something.
Your shroud bends something's attack away.
The crimson imp closely misses your spectral weapon.
The frilled lizard bites your spectral weapon.
You miss something. Your bite misses something. Something hits you.
* * * LOW HITPOINT WARNING * * *
The crimson imp barely misses your spectral weapon.
The frilled lizard closely misses your spectral weapon.
Unknown command.
You barely miss something. Something hits you.
* * * LOW HITPOINT WARNING * * *
The crimson imp disappears for a moment.
The crimson imp closely misses your spectral weapon.
You miss something.
The frilled lizard bites your spectral weapon but does no damage.
Something hits you.
* * * LOW HITPOINT WARNING * * *
The crimson imp hits your spectral weapon.
Your spectral weapon shares its damage with you!
* * * LOW HITPOINT WARNING * * *
Unknown command.
It was a potion of agility.
You feel agile all of a sudden.
The frilled lizard misses your spectral weapon.
You hear some strange, mumbled words.
You are confused.
The crimson imp hits your spectral weapon.
Your spectral weapon shares its damage with you!
* * * LOW HITPOINT WARNING * * *
Unknown command.
It was a potion of might.
You feel very mighty all of a sudden.
The frilled lizard barely misses your spectral weapon.
Something barely misses you.
The crimson imp hits your spectral weapon but does no damage.
You closely miss something. Your bite misses something.
The frilled lizard bites your spectral weapon.
Your spectral weapon shares its damage with you!
Your spectral weapon fades away.
* * * LOW HITPOINT WARNING * * *
Something barely misses you.
You bump into the rock wall.
Your song is almost over.
Something hits you but does no damage.
The crimson imp disappears for a moment.
The crimson imp misses you.
You barely miss the crimson imp. You bite the crimson imp.
The crimson imp is lightly wounded.
Something hits you but does no damage. The crimson imp completely misses you.
Are you sure you want to abandon this character and quit the game? (Confirm with "yes".)

.. ..# ∆ #..# ...
... ∆ #.# ∆ ##..#
.#..#####<.###..∆
....oo{@5l.......
#.##)Z#########..
#. .. #. # ∆


You could see a crimson imp, 2 orcs, a bullfrog zombie and a frilled lizard.

Vanquished Creatures
  An adder (D:2)
  An ooze (D:1)
  A dart slug (D:1)
  2 leopard geckos
  A giant cockroach (D:1)
  3 goblins
  A hobgoblin (D:1)
  3 jackals (D:5)
  3 kobolds
  2 ball pythons (D:1)
  2 bats (D:1)
20 creatures vanquished.

Vanquished Creatures (others)
  A spectral weapon (D:5)
1 creature vanquished.

Grand Total: 21 creatures vanquished

Notes
Turn   | Place    | Note
-------+----------+-------------------------------------------
     0 | D:1      | tidbits the Gnoll Skald began the quest for the Orb.
     0 | D:1      | Reached XP level 1. HP: 20/20 MP: 6/6
    23 | D:1      | Reached XP level 2. HP: 26/26 MP: 1/7
    27 | D:1      | Learned a level 2 spell: Song of Slaying
    30 | D:1      | Learned a level 2 spell: Shroud of Golubria
   159 | D:2      | Reached skill level 5 in Spellcasting
   159 | D:2      | Reached XP level 3. HP: 27/31 MP: 1/9
   164 | D:2      | Learned a level 3 spell: Regeneration
   168 | D:2      | Learned a level 3 spell: Spectral Weapon
   349 | D:5      | Entered Level 5 of the Dungeon
   368 | D:5      | HP: 6/31 [crimson imp (2)]
   373 | D:5      | Quit the game

Skill      XL: |  1  2 |
---------------+-------+-----
Spellcasting   | 5 |  5.0
Fighting       | |  4.5
Short Blades   | |  0.7
Long Blades    | |  0.7
Axes           | |  0.7
Maces & Flails | |  0.7
Polearms       | |  4.5
Staves         | |  0.7
Slings         | |  0.7
Bows           | |  0.7
Crossbows      | |  0.7
Throwing       | |  0.7
Armour         | |  2.6
Dodging        | |  4.5
Stealth        | |  0.7
Shields        | |  0.7
Unarmed Combat | |  0.7
Conjurations   | |  0.5
Hexes          | |  0.5
Charms         | |  5.4
Summonings     | |  0.5
Necromancy     | |  0.5
Translocations | |  0.5
Transmutations | |  0.5
Fire Magic     | |  0.5
Ice Magic      | |  0.5
Air Magic      | |  0.5
Earth Magic    | |  0.5
Poison Magic   | |  0.5
Invocations    | |  0.9
Evocations     | |  0.7

Action                   || total
-------------------------++-------
Melee: Spear             ||    53
       Bite              ||     6
 Cast: Infusion          ||     4
       Spectral Weapon   ||     3
       Regeneration      ||     1
       Shroud of Golubri ||     1
       Song of Slaying   ||     1
  Use: Potion            ||     2
 Stab: Sleeping          ||     2
  Eat: Ration            ||     1
Armor: Leather armour    ||     6
Dodge: Dodged            ||    25

Table legend:
 A = Turns spent in this place as a percentage of turns spent in the entire game.
 B = Non-inter-level travel turns spent in this place as a percentage of non-inter-level travel turns spent in the entire game.
 C = Inter-level travel turns spent in this place as a percentage of turns spent in this place.
 D = Turns resting spent in this place as a percentage of non-inter-level travel turns spent in this place.
 E = Turns spent auto-exploring this place as a percentage of non-inter-level travel turns spent in this place.
 F = Non-inter-level travel turns spent in this place divided by the number of levels of this place that you've seen.
                   A       B       C       D       E      F
               +-------+-------+-------+-------+-------+----------------------
         Total | 100.0 | 100.0 |   0.0 |   0.0 |   0.0 |  74.6
       Dungeon | 100.0 | 100.0 |   0.0 |   0.0 |   0.0 |  74.6
               +-------+-------+-------+-------+-------+----------------------

Table legend:
 A = Kills in this place as a percentage of kills in entire the game.
 B = Kills by you in this place as a percentage of kills by you in the entire game.
 C = Kills by friends in this place as a percentage of kills by friends in the entire game.
 D = Other kills in this place as a percentage of other kills in the entire game.
 E = Experience gained in this place as a percentage of experience gained in the entire game.
 F = Experience gained in this place divided by the number of levels of this place that you have seen.
                   A       B       C       D       E      F
               +-------+-------+-------+-------+-------+----------------------
         Total | 100.0 | 100.0 |   N/A |   N/A | 100.0 |  10.8
       Dungeon | 100.0 | 100.0 |   N/A |   N/A | 100.0 |  10.8
               +-------+-------+-------+-------+-------+----------------------

Levels and vault maps discovered:
D:1:      minmay_arrival_four_houses, layout_loops_ring
D:2:      layout_basic, serial_rivers, chequers_serial_rivers_micro_c,
          chequers_serial_rivers_micro_e, chequers_serial_rivers_micro_c,
          chequers_serial_rivers_micro_a, chequers_serial_rivers_room_a,
          chequers_serial_rivers_micro_b, minmay_tripent, uniq_sigmund
D:3:      layout_basic, zin_scriptorium, chequers_serial_rivers_micro_a,
          minmay_pentangle, uniq_jessica
D:4:      layout_rooms, serial_forest, infiniplex_forest_lined_3,
          infiniplex_forest_clump_medium, infiniplex_forest_lined_2,
          infiniplex_forest_lined_2, infiniplex_forest_clump_small,
          infiniplex_forest_clump_curved, minmay_stone_trees_small,
          grunt_ministairs_13, chequers_serial_rivers_room_b, led_sif_pool
D:5:      layout_rooms, minmay_temple_entry_sparse_star, first_ration,
          yredelemnul_altar_generic
